 Dungeon Crawl Stone Soup version 0.25-a0-55-g0753fd1ad2 (webtiles) character file.

Game seed: 6072406048792647902, levelgen mode: deterministic

21 Ruokin the Magician (level 2, -2/15 HPs)
             Began as a Deep Elf Wizard on Oct 25, 2019.
             Engulfed by a cloud of flame (17 damage)
             ... on level 1 of the Dungeon.
             The game lasted 00:04:25 (1160 turns).

Ruokin the Magician (Deep Elf Wizard)               Turns: 1160, Time: 00:04:25

Health: -2/15      AC:  2    Str:  4    XL:     2   Next: 65%
Magic:  7/10       EV: 13    Int: 22    God:
Gold:   45         SH:  0    Dex: 13    Spells: 8/11 levels left

rFire    . . .     SeeInvis .   c - +0 club
rCold    . . .     Gourm    .   (no shield)
rNeg     . . .     Faith    .   a - +0 robe
rPois    .         Spirit   .   b - +0 hat
rElec    .         Reflect  .   (no cloak)
rCorr    .         Harm     .   (no gloves)
MR       .....                  (no boots)
Stlth    ++........             (no amulet)
HPRegen  0.05/turn              (no ring)
MPRegen  0.12/turn              (no ring)

@: no status effects
A: no striking features
a: no special abilities


You were on level 1 of the Dungeon.
You were hungry.

You visited 1 branch of the dungeon, and saw 1 of its levels.

You collected 45 gold pieces.

Inventory:

Hand Weapons
 c - a +0 club (weapon)
Missiles
 i - 3 atropa-tipped darts (quivered)
Armour
 a - a +0 robe (worn)
 b - a +0 hat (worn)
Scrolls
 e - a scroll of amnesia {unknown}
 g - 2 scrolls of teleportation {unknown}
 h - a scroll of fog {unknown}
Potions
 f - 2 potions of lignification {unknown}
 j - a potion of magic {unknown}
Comestibles
 d - 2 rations


   Skills:
 + Level 2.7 Dodging
 + Level 2.5 Stealth
 + Level 5.2 Spellcasting
 + Level 1.5 Conjurations
   Level 1.1 Summonings
 + Level 1.1 Translocations


You had 8 spell levels left.
You knew the following spells:

 Your Spells              Type           Power        Failure   Level  Hunger
a - Magic Dart            Conj           ##..         5%          1    None
b - Blink                 Tloc           N/A          10%         2    None

Your spell library contained the following spells:

 Spells                   Type           Power        Failure   Level  Hunger
 Call Imp                 Summ           ##......     10%         2    None
 Slow                     Hex            #.......     16%         2    None
 Conjure Flame            Conj/Fire      #.......     22%         3    ##.....
 Mephitic Cloud           Conj/Pois/Air  #.......     24%         3    ##.....


Dungeon Overview and Level Annotations

Branches:
Dungeon (1/15)

Altars:


Message History

Confirm with . or Enter, or press ? or * to list all spells.
You blink.
Casting: Blink (safe; 10% risk of failure)
Confirm with . or Enter, or press ? or * to list all spells.
You don't know that spell.
Really walk into a travel-excluded area? [Y]es or [N]o only, please.
Really walk into a travel-excluded area? [Y]es or [N]o only, please.
Really walk into a travel-excluded area? [Y]es or [N]o only, please.
Really walk into a travel-excluded area?
Casting: Blink (safe; 10% risk of failure)
Confirm with . or Enter, or press ? or * to list all spells.
You don't know that spell.
Casting: Blink (safe; 10% risk of failure)
Confirm with . or Enter, or press ? or * to list all spells.
You blink.
You are engulfed in blazing flames.
Ouch! That really hurt!
You die...

.....[...........#..#
...####..........##.## ## .).#
#..........##..# #.
...#########...#####.###########.
...'...# #.§§# #.............
...##### #○○§# #...#.........
...# #○§○# #...#.........
...#########...#####...#.........
.........○○..$$.@§○..............
........☼°§.$$$.☼°☼.#............
.##.....☼☼§..$$.§§°§#....####+###
.......#####...#####........#.# #
.#.)...# #☼☼§ #........#.# #
...#'### #§°§ #........#.# #
####.### #°○○ #........#.# #
.......## ##...#########'####.###
.#....#.# #.......#### #..# #....


There were no monsters in sight!

Vanquished Creatures
  2 goblins (D:1)
  5 hobgoblins (D:1)
  2 jackals (D:1)
  A kobold (D:1)
  2 bats (D:1)
  2 frilled lizards (D:1)
  6 rats (D:1)
20 creatures vanquished.

Notes
Turn   | Place    | Note
-------+----------+-------------------------------------------
     0 | D:1      | Ruokin the Deep Elf Wizard began the quest for the Orb.
     0 | D:1      | Reached XP level 1. HP: 10/10 MP: 7/7
   284 | D:1      | Reached XP level 2. HP: 15/15 MP: 4/9
   497 | D:1      | Reached skill level 5 in Spellcasting
  1151 | D:1      | Learned a level 2 spell: Blink
  1160 | D:1      | Engulfed by a cloud of flame

Levels and vault maps discovered:
D:1:      ncdulo_smallfort, layout_basic, lemuel_flame_loot_1

Table legend:
 A = Non-vault XP
 B = Vault XP
 C = Vault XP percentage of total XP
 D = Non-vault monster count
 E = Vault monster count
 F = Vault count percentage of total count
                 A         B        C        D         E       F
            +---------+---------+-------+---------+---------+-------
      Total |      31 |       0 |   0.0 |      20 |       0 |   0.0
            +---------+---------+-------+---------+---------+-------
        D:1 |      31 |       0 |   0.0 |      20 |       0 |   0.0
            +---------+---------+-------+---------+---------+-------
